Map: [ESL] Radhuset Station

Players

MaxPax

  • Race: Protoss Protoss
  • Spawn Location: 1:00

SKillous - Winner!

  • Race: Protoss Protoss
  • Spawn Location: 7:00

Event: ESL SC2 Masters 2023 Winter (Regional)

VOD

Have the link to the VOD?

Description

Time

  • Played on: Nov. 1, 2023, 12:53 p.m.
  • Length: 6:43

All games in this series

Show
View Real Time Build Order
Export as new Build Order

MaxPax Protoss 

Build Orders: Oracle Opening 

Get SALT Encoding   

  12  0:00  Probe  
  13  0:12  Probe  
  14  0:20  Pylon  
  14  0:24  Probe  
  15  0:38  Probe (Chrono Boost)  
  15  0:41  Gateway  
  16  0:48  Probe (Chrono Boost)  
  17  0:50  Assimilator  
  17  0:53  Probe (Chrono Boost)  
  19  1:04  Probe (Chrono Boost)  
  19  1:05  Assimilator  
  19  1:07  Pylon  
  19  1:14  Probe (Chrono Boost)  
  20  1:19  Probe (Chrono Boost)  
  21  1:29  Cybernetics Core  
  21  1:30  Probe  
  22  1:37  Zealot  
  24  1:42  Probe  
  25  1:54  Probe  
  26  2:05  Stargate, Adept  
  26  2:06  Probe  
  29  2:15  Warp Gate  
  29  2:22  Pylon  
  29  2:37  Nexus  
  29  2:45  Oracle (Chrono Boost)  
  32  2:55  Stalker  
  34  3:04  Shield Battery  
  34  3:06  Probe  
  35  3:25  Void Ray (Chrono Boost)  
  39  3:28  Probe  
  38  3:35  Shield Battery  
  38  3:40  Probe  
  39  3:49  Shield Battery  
  38  4:02  Void Ray (Chrono Boost)  
  43  4:04  Stalker  
  44  4:10  Probe x2  
  45  4:32  Stalker  
  45  4:35  Void Ray (Chrono Boost)  
  51  4:39  Shield Battery  
  51  4:43  Pylon  
  51  4:51  Probe  
  52  4:58  Stalker  
  52  5:06  Probe  
  46  5:21  Void Ray (Chrono Boost)  
  50  5:23  Zealot  
  50  5:27  Probe  
  51  5:35  Shield Battery  
  49  5:39  Probe  
  47  5:43  Stalker  
  40  6:11  Stalker  
  31  6:36  Gateway  
  31  6:38  Sentry  
Show
View Real Time Build Order
Export as new Build Order

SKillous Protoss - Winner!

Build Orders:  

Get SALT Encoding   

  12  0:00  Probe  
  13  0:12  Probe  
  14  0:18  Pylon  
  14  0:24  Probe (Chrono Boost)  
  15  0:36  Probe (Chrono Boost)  
  15  0:38  Gateway  
  16  0:45  Probe (Chrono Boost)  
  16  0:48  Assimilator  
  17  0:51  Probe  
  18  0:58  Assimilator  
  18  1:03  Probe (Chrono Boost)  
  19  1:09  Gateway  
  19  1:13  Probe (Chrono Boost)  
  20  1:19  Probe  
  21  1:27  Cybernetics Core  
  21  1:31  Probe  
  22  1:37  Pylon  
  22  1:43  Probe  
  23  1:55  Probe  
  24  2:02  Stalker  
  24  2:03  Stalker  
  24  2:04  Warp Gate (Chrono Boost)  
  28  2:15  Pylon  
  28  2:32  Stalker  
  28  2:33  Stalker  
  32  2:43  Robotics Facility  
  32  2:55  Gateway  
  32  3:12  Shield Battery  
  32  3:19  Gateway  
  32  3:28  Warp Prism (Chrono Boost)  
  32  3:30  Pylon  
  34  3:44  Stalker  
  29  4:10  Stalker x3  
  35  4:19  Stalker  
  38  4:34  Stalker x2  
  41  4:43  Stalker  
  43  4:55  Probe  
  43  4:56  Stalker  
  46  5:16  Pylon  
  42  5:36  Stalker x2  
  42  5:37  Probe  
  47  5:44  Stalker  
  37  6:12  Stalker x2  
  41  6:24  Stalker  
  41  6:26  Probe  
  41  6:29  Stalker  
  42  6:41  Stalker  
Tags
 
Add a new tag
Caveats
  • Supply blocks, unpowered buildings, or Contaminate may cause inaccurate times.
  • Supply counts are checked every 10 seconds.